 Dungeon Crawl Stone Soup version 0.32-a0-612-g1c984fe9d1 (webtiles) character file.

Game seed: 7474628967846057444

210 CougarLife the Digger (level 5, -7/28 HPs)
             Began as a Gargoyle Earth Elementalist on Mar 5, 2024.
             Killed from afar by an orc wizard (9 damage)
             ... with a magic dart
             ... on level 4 of the Dungeon.
             The game lasted 00:02:36 (3170 turns).

CougarLife the Digger (Gargoyle Earth Elementalist) Turns: 3170, Time: 00:02:36

Health: -7/28      AC:  6    Str: 12    XL:     5   Next: 87%
Magic:  9/10       EV: 11    Int: 17    God:
Gold:   162        SH:  0    Dex: 10    Spells: 9/10 levels left

rFire   . . .        d - +0 dagger
rCold   . . .        (no shield)
rNeg    + . .        a - +0 robe
rPois   ∞            (no helmet)
rElec   +            (no cloak)
rCorr   .            (no gloves)
SInv    .            (no boots)
Will    .....        (no amulet)
Stlth   ++           (no ring)
HPRegen 0.24/turn    (no ring)
MPRegen 0.12/turn

%: no passive effects
@: no status effects
A: sickness immunity, AC +4, negative energy resistance 1, electricity
resistance, torment resistance 1, petrification resistance
a: no special abilities


You were on level 4 of the Dungeon.
You visited 1 branch of the dungeon, and saw 4 of its levels.

You collected 162 gold pieces.

Inventory:

Hand Weapons
 d - a +0 dagger (weapon)
Armour
 a - a +0 robe (worn)
Wands
 o - a wand of paralysis (4)
Scrolls
 e - a scroll of noise {unknown}
 g - a scroll of enchant armour {unknown}
 i - a scroll of fear {unknown}
 k - 6 scrolls of identify {unknown}
 l - a scroll of revelation {unknown}
 m - 2 scrolls of immolation {unknown}
 n - 3 scrolls of torment {unknown}
Potions
 c - 3 potions of curing {unknown}
 f - a potion of mutation {unknown}
 h - a potion of invisibility {unknown}
 j - a potion of ambrosia {unknown}
 p - a potion of haste {unknown}
 q - a potion of heal wounds {unknown}
 r - a potion of attraction {unknown}


   Skills:
 - Level 1.5 Dodging
 - Level 2.1 Stealth
 + Level 3.4 Spellcasting
 + Level 3.5 Conjurations
 + Level 5.3 Earth Magic


You had 9 spell levels left.
You knew the following spells:

 Your Spells              Type           Power      Damage    Failure   Level
a - Sandblast             Erth           42%        2d11      1%          1

Your spell library contained the following spells:

 Spells                   Type           Power      Damage    Failure   Level
 Passwall                 Erth           21%        N/A       5%          3
 Kiss of Death            Conj/Necr      32%        2d7       9%          1
 Stone Arrow              Conj/Erth      36%        3d9       9%          3
 Static Discharge         Conj/Air       16%        3-4/arc   12%         2
 Jinxbite                 Hex            4%         N/A       26%         2
 Brom's Barrelling Bould  Conj/Erth      18%        2d4       26%         4
 Confusing Touch          Hex            2%         N/A       45%         3
 Gell's Gravitas          Tloc           2%         N/A       45%         3
 Teleport Other           Tloc           2%         N/A       45%         3
 Petrify                  Alch/Erth      12%        N/A       50%         4
 Airstrike                Air            1%         2d(1-17)  86%         4
 Dispel Undead            Necr           2%         3d7       86%         4
 Summon Lightning Spire   Summ/Air       2%         N/A       86%         4
 Yara's Violent Unravell  Hex/Alch       1%         3d3       99%         5
 Dispersal                Tloc           1%         N/A       100%        6
 Enfeeble                 Hex            1%         N/A       100%        7


Dungeon Overview and Level Annotations

Branches:
Dungeon (4/15)
 Temple: D:4-7

Altars:
Wu Jian

Shops:
D:2 =


Innate Abilities, Weirdness & Mutations

You are immune to sickness and miasma.
Your stone body is resilient. (AC +4)
You are immune to poison.
You resist negative energy. (rN+)
You are resistant to electric shocks. (rElec)
You are resistant to unholy torment.
You are immune to petrification.


Message History

You closely miss the hound.
The hound is almost dead.
The hound bites you but does no damage. Something hits you.
You closely miss the hound.
The hound is almost dead.
The hound barely misses you. The hound bites you but does no damage.
Something completely misses you.
Casting: Sandblast (safe; 1% risk of failure)
Confirm with . or Enter, or press ? or * to list all spells.
Aiming: Sandblast (safe; 1% risk of failure)
Press: ? - help, Shift-Dir - straight line, f/p - hound
Aim: a hound (almost dead, 76% to hit)
The blast of sand hits the hound!
You kill the hound!
Something hits you but does no damage.
You closely miss something.
You hear some strange, mumbled words.
A puff of flame appears from out of thin air!
The puff of flame hits you.
You miss something. Something hits you but does no damage.
You barely miss something. Something hits you.
You hit something but do no damage.
You hear some strange, mumbled words.
A puff of flame appears from out of thin air!
The puff of flame hits you!
* * * LOW HITPOINT WARNING * * *
You miss something. Something hits you but does no damage.
You closely miss something. Something hits you.
* * * LOW HITPOINT WARNING * * *
Magic courses through your body. Something hits you.
* * * LOW HITPOINT WARNING * * *
Casting: Sandblast (safe; 1% risk of failure)
Confirm with . or Enter, or press ? or * to list all spells.
Aiming: Sandblast (safe; 1% risk of failure)
Press: ? - help, Shift-Dir - straight line The blast of sand hits something!
Something hits you but does no damage.
You hear some strange, mumbled words.
A magic dart appears from out of thin air!
The magic dart hits you!
You die...

#....#####....#........#
#.........#...#........#
#.........'...#........####
#.........#...#.)..#####..##
#.........#...#....#.......#
#....##'###...#)...'.......#
#....#....#...#....##'##+######
#....#....#...#..{.........#..#
#....#....#...#.@..........'..#
#....#....#...'............#..#
#....##+#######.......###..#..#
#.................#####§####..#
#.................'..####§#...#
+..............(..####..####..#
#.................##§#._......#
......#######.....####..####..#
......+.....###+### ####§ ####


There were no monsters in sight!

Vanquished Creatures
  A bombardier beetle (D:4)
  2 hounds
  5 adders
  A dart slug (D:4)
  4 orcs (D:4)
  7 ball pythons
  A bat (D:3)
  9 endoplasms
  A giant cockroach (D:4)
  6 goblins
  5 hobgoblins
  2 quokkas
  4 frilled lizards
  9 kobolds
  3 rats
60 creatures vanquished.

Notes
Turn   | Place    | Note
-------+----------+-------------------------------------------
     0 | D:1      | CougarLife the Gargoyle Earth Elementalist began the quest
                  | for the Orb.
     0 | D:1      | Reached XP level 1. HP: 10/10 MP: 3/3
   130 | D:1      | Reached XP level 2. HP: 13/15 MP: 0/5
   761 | D:2      | Reached skill level 4 in Earth Magic
   798 | D:2      | Found Xiuczor's Jewellery Shop.
   863 | D:2      | Reached XP level 3. HP: 19/19 MP: 2/6
  1713 | D:2      | Found a faded altar of an unknown god.
  1799 | D:3      | Reached XP level 4. HP: 24/24 MP: 6/8
  2492 | D:3      | Reached XP level 5. HP: 28/28 MP: 6/9
  3068 | D:4      | Found an ornate altar of the Wu Jian Council.
  3137 | D:4      | Reached skill level 5 in Earth Magic
  3170 | D:4      | Killed from afar by an orc wizard

Illustrated notes

Levels and vault maps discovered:
D:1:      dpeg_arrival_refuge, layout_basic
D:2:      layout_loops_corners, serial_shops, shop,
          ebering_ecumenical_altar_rust
D:3:      layout_loops_ring, minmay_starry_boxes
D:4:      layout_gridville, pdpol_wu_jian_five_deadly_venoms,
          cheibrodos_sewer_entry_bend, minmay_distorted

Skill      XL: |  1  2  3  4  5 |
---------------+----------------+-----
Earth Magic    | 4 5 |  5.3
Conjurations   | 2 3 |  3.5
Spellcasting   | 3 |  3.4
Dodging        | |  1.5
Stealth        | |  2.1

Action                     |  1- 3 |  4- 6 || total
---------------------------+-------+-------++-------
  Melee: Unarmed           |    10 |       ||    10
         Dagger            |     1 |    14 ||    15
   Cast: Sandblast         |    42 |    41 ||    83
    Use: Potion            |       |     1 ||     1
 Armour: Robe              |    27 |    31 ||    58
  Dodge: Dodged            |    17 |    20 ||    37

Table legend: (Time is in decaauts)
 A = Elapsed time spent in this place.
 B = Non-inter-level travel time spent in this place.
 C = Inter-level travel time spent in this place.
 D = Time resting spent in this place.
 E = Time spent auto-exploring this place.
 F = Levels seen in this place.
 G = Mean time per level.
                   A        B        C        D        E       F      G
               +--------+--------+--------+--------+--------+-----+--------+
         Total |   3211 |   2958 |    253 |     35 |   2506 |   4 |  802.8 |
       Dungeon |   3211 |   2958 |    253 |     35 |   2506 |   4 |  802.8 |
               +--------+--------+--------+--------+--------+-----+--------+

Top non-repeatable levels by time:
     D:2: 1113 daAuts
     D:3: 989 daAuts
     D:1: 741 daAuts
     D:4: 367 daAuts
